 Dungeon Crawl Stone Soup version 0.29.1-1-gd02db6906a (webtiles) character file.

Game seed: 1664215618257398008

77 Earthwalker the Trooper (level 4, 0/40 HPs)
             Began as a Minotaur Fighter on Oct 22, 2022.
             Constricted to death by Sigmund (7 damage)
             ... on level 2 of the Dungeon.
             The game lasted 00:03:14 (1871 turns).

Earthwalker the Trooper (Minotaur Fighter)          Turns: 1871, Time: 00:03:14

Health: 0/40       AC:  7    Str: 23    XL:     4   Next: 14%
Magic:  3/3        EV:  6    Int:  5    God:
Gold:   123        SH:  0    Dex:  9    Spells: 3/3 levels left

rFire   . . .      SeeInvis .   a - +0 war axe
rCold   . . .      Faith    .   c - +0 buckler
rNeg    . . .      Spirit   .   b - +0 scale mail
rPois   .          Reflect  .   (helmet restricted)
rElec   .          Harm     .   (no cloak)
rCorr   .          Rampage  .   (no gloves)
Will    .....                   (no boots)
Stlth   ..........              (no amulet)
HPRegen 0.13/turn               (no ring)
MPRegen 0.08/turn               (no ring)

@: confused, grasped by roots, constricted
A: horns 2, retaliatory headbutt
a: no special abilities


You were on level 2 of the Dungeon.
You visited 1 branch of the dungeon, and saw 2 of its levels.

You collected 123 gold pieces.

Inventory:

Hand Weapons
 a - a +0 war axe (weapon)
Missiles
 j - 2 atropa-tipped darts (quivered)
 k - 11 poisoned darts
Armour
 b - a +0 scale mail (worn)
 c - a +0 buckler (worn)
Wands
 p - a wand of acid (10)
Scrolls
 f - a scroll of teleportation {unknown}
 h - a scroll of torment {unknown}
 i - 3 scrolls of identify {unknown}
 m - a scroll of enchant armour {unknown}
 n - 2 scrolls of amnesia {unknown}
 o - a scroll of vulnerability {unknown}
 q - a scroll of noise {unknown}
Potions
 d - a potion of might
 e - 2 potions of flight {unknown}
 g - a potion of degeneration {unknown}
 l - 2 potions of berserk rage {unknown}


   Skills:
 * Level 4.3 Fighting
 * Level 3.3 Axes
 * Level 4.2 Armour
 + Level 1.1 Dodging
 * Level 4.2 Shields


You had 3 spell levels left.
You didn't know any spells.
Your spell library contained the following spells:

 Spells                   Type           Power      Damage    Failure   Level
 Foxfire                  Conj/Fire      0%         2x1d4     86%         1
 Sting                    Tmut/Pois      0%         1d3       86%         1
 Poisonous Vapours        Pois/Air       0%         N/A       95%         2
 Conjure Flame            Conj/Fire      0%         6-21      99%         3
 Inner Flame              Hex/Fire       0%         N/A       99%         3
 Flame Wave               Conj/Fire      0%         2d4       100%        4
 Olgreb's Toxic Radiance  Pois           0%         N/A       100%        4


Dungeon Overview and Level Annotations

Branches:
Dungeon (2/15)

Altars:

Shops:
D:1 *[?:   D:2 :

Annotations:
D:2 Sigmund


Innate Abilities, Weirdness & Mutations

You have a pair of horns on your head.
You reflexively headbutt those who attack you in melee.


Message History

You are too confused!
You are too confused!
You are too confused!
You are too confused!
You are too confused!
You closely miss Sigmund.
Sigmund is moderately wounded.
Sigmund hits you but does no damage.
You bump into the rock wall.
Sigmund gestures wildly while chanting.
Sigmund flickers and vanishes!
Deactivating autopickup; reactivate with Ctrl-A.
You barely miss something.
You hear some strange, mumbled words.
A magic dart appears from out of thin air!
The magic dart hits you!
You bump into the rock wall.
Something completely misses you.
You closely miss something. Your headbutt misses something.
You feel less confused. Something hits you.
You hit something but do no damage.
You hear some strange, mumbled words.
You are confused.
You're too confused to move!
You hear some strange, mumbled words.
You are more confused.
You completely miss something. Your headbutt misses something.
Something hits you.
You bump into the rock wall.
You hear a zap.
The roots erupt in riotous growth!
The grasping roots grab you!
You are constricted.
* * * LOW HITPOINT WARNING * * *
You barely miss something. Something hits you but does no damage.
You are constricted.
* * * LOW HITPOINT WARNING * * *
You miss something. Your headbutt misses something.
Something hits you but does no damage.
You are constricted!
You die...

#.# #.# #.#
#.# #.# #.#
#.#
#.########.#
#...{@.....#
############


There were no monsters in sight!

Vanquished Creatures
  Terence (D:2)
  2 adders (D:2)
  A dart slug (D:2)
  5 bats
  An endoplasm (D:1)
  3 giant cockroaches (D:1)
  2 goblins
  2 hobgoblins (D:1)
  4 kobolds
  A quokka (D:1)
  8 ball pythons
  A frilled lizard (D:1)
  5 rats (D:1)
36 creatures vanquished.

Notes
Turn   | Place    | Note
-------+----------+-------------------------------------------
     0 | D:1      | Earthwalker the Minotaur Fighter began the quest for the
                  | Orb.
     0 | D:1      | Reached XP level 1. HP: 19/19 MP: 0/0
   143 | D:1      | Found Huiladua's Magic Scroll Shop.
   172 | D:1      | Reached XP level 2. HP: 27/27 MP: 1/1
   227 | D:1      | Found Agaugiwn's Antique Armour Shoppe.
   509 | D:1      | Found Nur Jaicli's Book Shoppe.
   659 | D:1      | Found Irheusmu's General Store.
   989 | D:2      | Noticed Terence
   997 | D:2      | Killed Terence
   998 | D:2      | Reached skill level 1 in Dodging
   998 | D:2      | Reached XP level 3. HP: 25/33 MP: 2/2
  1129 | D:2      | Found a faded altar of an unknown god.
  1472 | D:2      | Found Wodenori's Book Shoppe.
  1554 | D:2      | Reached XP level 4. HP: 40/40 MP: 3/3
  1855 | D:2      | Noticed Sigmund
  1871 | D:2      | Constricted to death by Sigmund

Illustrated notes

Levels and vault maps discovered:
D:1:      zaba_arrival_water, layout_loops_cross, serial_shops, shop_fountains,
          shop, nicolae_shop_hallway_plus, shop, dk_noncrumbling_3,
          minmay_tetromino_o2
D:2:      layout_basic, serial_shops, nicolae_shop_hallway_plus,
          shapermc_ecumenical_altar_ellora, uniq_terence, uniq_sigmund

Skill      XL: |  1  2 |
---------------+-------+-----
Fighting       | 4 |  4.3
Axes           | 3 |  3.3
Armour         | 4 |  4.2
Dodging        | 1 |  1.1
Shields        | 4 |  4.2

Action                   |  1- 3 |  4- 6 || total
-------------------------+-------+-------++-------
Melee: War axe           |    90 |     9 ||    99
       Headbutt          |    12 |     1 ||    13
Armor: Scale mail        |    50 |     3 ||    53
Dodge: Dodged            |    40 |     1 ||    41
Block: Buckler           |    28 |     1 ||    29
